 Dungeon Crawl Stone Soup version 0.29.1-12-g30fa7ad0bf (webtiles) character file.

Game seed: 7716005971967712916

2473 Rrauwl the Cruncher (level 9, 0/54 HPs)
             Began as a Barachi Ice Elementalist on Jan 8, 2023.
             Was a Follower of Hepliaklqana.
             Engulfed by a cloud of steam (9 damage)
             ... on level 7 of the Dungeon.
             The game lasted 00:34:35 (8836 turns).

Rrauwl the Cruncher (Barachi Ice Elementalist)      Turns: 8836, Time: 00:34:36

Health: 0/54       AC:  4    Str: 11    XL:     9   Next: 51%
Magic:  14/16      EV: 17    Int: 17    God:    Hepliaklqana [*.....]
Gold:   397        SH:  0    Dex: 14    Spells: 9/18 levels left

rFire   . . .      SeeInvis .   s - +0 quarterstaff
rCold   . . .      Faith    .   (shield currently unavailable)
rNeg    + . .      Spirit   .   v - +1 robe {Archmagi}
rPois   .          Reflect  .   (no helmet)
rElec   .          Harm     .   (no cloak)
rCorr   .          Rampage  .   l - +0 pair of gloves
Will    .....      Archmagi +   (no boots)
Stlth   ++........              j - amulet of magic regeneration
HPRegen 0.18/turn               y - +4 ring of evasion
MPRegen 0.55/turn               m - ring of positive energy

@: freezing walls, slow
A: reduced essence, amphibious, slowness 1, strong legs 1, +LOS
a: Hop, Renounce Religion, Recall Ancestor, Ancestor Identity


You were on level 7 of the Dungeon.
You worshipped Hepliaklqana.
Hepliaklqana was aware of your devotion.
You visited 2 branches of the dungeon, and saw 8 of its levels.
You also visited: Ossuary.

You collected 397 gold pieces.

Inventory:

Hand Weapons
 a - a +3 dagger of electrocution
 s - a +0 quarterstaff (weapon)
Missiles
 e - 6 boomerangs
 g - 3 throwing nets
Armour
 l - a +0 pair of gloves (worn)
 v - a +1 robe of the Archmagi (worn)
Magical Staves
 p - a staff of earth
Jewellery
 d - a ring of resist corrosion
 j - an amulet of magic regeneration (around neck)
 m - a ring of positive energy (right hand)
 x - a ring of positive energy
 y - a +4 ring of evasion (left hand)
Wands
 h - a wand of iceblast (9)
 r - a wand of flame (3)
 w - a wand of acid (5)
 A - a wand of charming (3)
Scrolls
 c - 2 scrolls of teleportation
 f - 9 scrolls of identify
 i - a scroll of vulnerability
 k - a scroll of silence
 o - a scroll of fear
 q - a scroll of immolation
 t - 3 scrolls of noise
 z - a scroll of magic mapping
Potions
 b - 2 potions of magic
 n - a potion of flight
 u - 2 potions of haste
 C - a potion of brilliance
 D - a potion of attraction
 E - a potion of invisibility {unknown}


   Skills:
 - Level 2.0 Fighting
 + Level 9.9 Staves
 + Level 3.7 Dodging
 - Level 2.0 Stealth
 - Level 5.0 Spellcasting
 - Level 3.0 Translocations
 - Level 8.0 Ice Magic
 - Level 2.0 Evocations


You had 9 spell levels left.
You knew the following spells:

 Your Spells              Type           Power      Damage    Failure   Level
a - Freeze                Ice            100%       1d11      1%          1
b - Frozen Ramparts       Ice            94%        1d15      1%          3
c - Apportation           Tloc           42%        N/A       4%          1
d - Hailstorm             Conj/Ice       26%        3d7       26%         4

Your spell library contained the following spells:

 Spells                   Type           Power      Damage    Failure   Level
 Ozocubu's Armour         Ice            47%        N/A       1%          3
 Lesser Beckoning         Tloc           21%        N/A       12%         3
 Magic Dart               Conj           24%        1d4       14%         1
 Call Imp                 Summ           6%         N/A       22%         2
 Poisonous Vapours        Pois/Air       12%        N/A       22%         2
 Mephitic Cloud           Conj/Pois/Air  6%         N/A       38%         3
 Corpse Rot               Necr/Pois/Air  6%         N/A       80%         4
 Alistair's Intoxication  Tmut/Pois      4%         N/A       98%         5


Dungeon Overview and Level Annotations

Branches:
Dungeon (7/15)             Temple (1/1) D:5         Ossuary (visited)

Altars:
Ashenzari
Cheibriados
Dithmenos
Elyvilon
Fedhas
Gozag
Hepliaklqana
Kikubaaqudgha
Okawaru
Qazlal
Ru
Trog
Uskayaw
Vehumet
Wu Jian
Xom
Yredelemnul
Zin
The Shining One


Innate Abilities, Weirdness & Mutations

Your life essence is reduced to manifest your ancestor. (-10% HP)
You are amphibious.
You cover ground slowly.
You can hop short distances.
You have an extended range of vision and can be seen from far away.


Message History

You are engulfed in a cloud of scalding steam.
Kenneth hits the steam dragon.
The steam dragon bites Kenneth!
Kenneth is destroyed!
You are engulfed in a cloud of scalding steam.
The steam dragon barely misses you. The steam dragon closely misses you.
You hit the steam dragon but do no damage.
The steam dragon is heavily wounded.
You are engulfed in a cloud of scalding steam.
The steam dragon barely misses you. The steam dragon claws you.
Casting: Frozen Ramparts (safe; 1% risk of failure)
Confirm with . or Enter, or press ? or * to list all spells.
Casting: Frozen Ramparts (safe; 1% risk of failure)
Press: ? - help, Dir - look around, f - activate You feel a surge of power!
The walls around you are covered in ice.
The wall freezes the steam dragon but does no damage.
The steam dragon misses you. The steam dragon closely misses you.
You hit the steam dragon but do no damage.
The steam dragon is heavily wounded.
The wall freezes the steam dragon but does no damage.
The steam dragon breathes steam at you. The ball of steam hits you!
* * * LOW HITPOINT WARNING * * *
You feel better.
You are engulfed in a cloud of scalding steam.
* * * LOW HITPOINT WARNING * * *
The wall freezes the steam dragon but does no damage.
The steam dragon barely misses you. The steam dragon completely misses you.
Aiming: Throw Flame
Press: ? - help, Shift-Dir - straight line, f - steam dragon
Aim: a steam dragon (steam, heavily wounded, catching its breath, 71% to hit)
Okay, then.
Aiming: Corrosive Bolt
Press: ? - help, Shift-Dir - straight line, f - steam dragon
Aim: a steam dragon (steam, heavily wounded, catching its breath, 71% to hit)
The bolt of acid hits the steam dragon!!
The acid corrodes the steam dragon!
You kill the steam dragon!
You are engulfed in a cloud of scalding steam.
You die...

###.#.#.#.#
#.# #
#......##.#
..# #
#.###......
### #
#.#######.##
# #....# # #
# ####.# #
## #.# # #
.# #.#
#...#######
## #.#
#...§@§§# #
#.#
#(<.#####§#
#.# # #.#
#.# #.# #.#
#.# #.# #.#
#.# #.# #.#
#.# ### #.#
#.# #..


There were no monsters in sight!

Vanquished Creatures
  Pikel (D:6)
  A steam dragon (D:7)
  2 water moccasins (D:7)
  A black bear (D:5)
  An orc warrior (D:6)
  2 sky beasts
  An ogre (D:4)
  A centaur (D:6)
  A kobold brigand (D:7)
  A phantom (D:6)
  A necrophage (D:6)
  A scorpion (D:6)
  A howler monkey (D:4)
  A centaur zombie (Ossuary)
  3 jellies
  6 orc priests
  A hound (D:6)
  4 iguanas
  3 orc wizards
  2 hound zombies (Ossuary)
  A mummy (Ossuary)
  8 adders
  2 shadow imps (D:7)
  A white imp (D:6)
  3 ufetubi
  3 adder zombies (Ossuary)
  4 dart slugs
  27 orcs
  4 endoplasms
  A giant cockroach (D:4)
  7 goblins
  4 hobgoblins
  15 kobolds
  2 quokkas
  11 ball pythons
  A bat (D:2)
  3 frilled lizards
  A hobgoblin zombie (Ossuary)
  3 jackal zombies (Ossuary)
  A kobold zombie (Ossuary)
  2 orc zombies (Ossuary)
  3 quokka zombies (Ossuary)
  8 rats
  3 rat zombies (Ossuary)
153 creatures vanquished.

Vanquished Creatures (collateral kills)
  An elf zombie (Ossuary)
  A bullfrog (D:7)
  2 hound zombies (Ossuary)
  2 mummies (Ossuary)
  2 white imps (D:7)
  An adder zombie (Ossuary)
  3 gnoll zombies (Ossuary)
  2 goblin zombies (Ossuary)
  A hobgoblin zombie (Ossuary)
  2 jackal zombies (Ossuary)
  2 kobold zombies (Ossuary)
  A quokka zombie (Ossuary)
20 creatures vanquished.

Vanquished Creatures (others)
  An ancestor (D:7)
  3 plants (D:3)
4 creatures vanquished.

Grand Total: 177 creatures vanquished

Notes
Turn   | Place    | Note
-------+----------+-------------------------------------------
     0 | D:1      | Rrauwl the Barachi Ice Elementalist began the quest for the
                  | Orb.
     0 | D:1      | Reached XP level 1. HP: 13/13 MP: 3/3
   236 | D:1      | Reached XP level 2. HP: 19/19 MP: 3/5
   237 | D:1      | Reached skill level 5 in Ice Magic
   820 | D:1      | Found a faded altar of an unknown god.
  1073 | D:2      | Reached XP level 3. HP: 24/24 MP: 4/7
  1136 | D:2      | Got the Encyclopedia of Dimensional Pollution
  1141 | D:2      | Learned a level 3 spell: Frozen Ramparts
  1436 | D:2      | Reached skill level 1 in Fighting
  2528 | D:3      | Reached XP level 4. HP: 33/33 MP: 5/8
  2828 | D:3      | Reached XP level 5. HP: 30/38 MP: 9/9
  3840 | D:4      | Reached XP level 6. HP: 44/44 MP: 10/10
  4052 | D:4      | Reached skill level 1 in Evocations
  4852 | D:5      | Entered Level 5 of the Dungeon
  5220 | D:5      | Learned a level 1 spell: Apportation
  5309 | D:5      | Reached XP level 7. HP: 43/50 MP: 10/12
  5311 | D:5      | Reached skill level 1 in Translocations
  5700 | D:5      | Found a staircase to the Ecumenical Temple.
  5713 | Temple   | Entered the Ecumenical Temple
  5824 | Temple   | Became a worshipper of Hepliaklqana the Forgotten
  5969 | D:5      | Found an opulent altar of Gozag.
  6316 | D:6      | Reached skill level 5 in Spellcasting
  6316 | D:6      | Reached skill level 1 in Staves
  6380 | D:6      | Reached skill level 3 in Staves
  6380 | D:6      | Reached XP level 8. HP: 19/56 MP: 12/15
  6654 | D:6      | Noticed Pikel
  6674 | D:6      | Killed Pikel
  6675 | D:6      | Reached skill level 6 in Staves
  6693 | D:6      | Learned a level 4 spell: Hailstorm
  6824 | D:6      | Found a snail-covered altar of Cheibriados.
  6836 | D:6      | Reached skill level 7 in Staves
  7060 | D:6      | Reached XP level 9. HP: 61/61 MP: 13/16
  7184 | D:6      | Reached skill level 8 in Staves
  7316 | D:6      | Reached * piety under Hepliaklqana
  7546 | D:7      | Found a glowing golden altar of the Shining One.
  7948 | D:7      | Reached skill level 9 in Staves
  7993 | D:7      | Found a sand-covered staircase.
  7998 | Ossuary  | Entered an ossuary
  8607 | D:7      | Identified the +0 helmet of Lifelessness {rF- rC+ Stlth+}
  8836 | D:7      | Engulfed by a cloud of steam

Illustrated notes

Levels and vault maps discovered:
D:1:      dpeg_arrival_round_a, layout_rooms,
          dilly_ecumenical_altar_fadedgnrine, minmay_hedge_maze
D:2:      layout_basic, minmay_tetromino_o2
D:3:      layout_basic, serial_bayou, serial_bayou_pond_d, serial_bayou_pond_e,
          serial_bayou_lagoon_a, serial_bayou_shore_b
D:4:      layout_cave_pools, nicolae_concentric_dashed_squares_wild
D:5:      wander_river, layout_loops_corners,
          nicolae_gozag_cash_rules_everything_around_me, temple_statues
D:6:      minmay_chambers_of_fours, layout_rooms, cheibriados_altar_1,
          serial_rivers, chequers_serial_rivers_small_b,
          chequers_serial_rivers_micro_b, chequers_serial_rivers_large_a,
          chequers_serial_rivers_micro_c, chequers_serial_rivers_micro_c,
          chequers_serial_rivers_small_b, uniq_pikel
D:7:      layout_loops_ring, nicolae_tso_carved_into_rock, enter_ossuary_2
Temple:   kb_temple_of_zot

Skill      XL: |  1  2  3  4  5  6  7  8  9 |
---------------+----------------------------+-----
Stealth        | 2 |  2.0
Ice Magic      | 5 6 7 8 |  8.0
Dodging        | 3 |  3.7
Spellcasting   | 3 5 |  5.0
Fighting       | 2 |  2.0
Evocations     | 2 |  2.0
Translocations | 3 |  3.0
Staves         | 3 7 9 |  9.9

Action                   |  1- 3 |  4- 6 |  7- 9 || total
-------------------------+-------+-------+-------++-------
Melee: Dagger            |    58 |    93 |    63 ||   214
       Punch             |       |     2 |     2 ||     4
       Quarterstaff      |       |       |   122 ||   122
Throw: Boomerang         |       |     6 |     3 ||     9
       Throwing net      |       |     1 |       ||     1
 Cast: Freeze            |    41 |    27 |     5 ||    73
       Frozen Ramparts   |       |     5 |    25 ||    30
Invok: Ancestor Identity |       |       |     1 ||     1
 Abil: Hop               |       |     1 |       ||     1
Evoke: Wand              |       |       |     9 ||     9
  Use: Scroll            |     6 |     4 |     3 ||    13
       Potion            |     1 |     4 |     3 ||     8
 Stab: Sleeping          |       |     1 |     1 ||     2
       Distracted        |       |       |     2 ||     2
Armor: Robe              |    11 |    20 |    14 ||    45
Dodge: Dodged            |    41 |    56 |   111 ||   208
